AoeStats
← Pepe_MR7

Arabia

510203512Analyzed
1v1 RM · 2d ago on Sep 29, 2026· 53m 21s· 2 players
Game mode
Random Map
Map size
Tiny (2 player)
Population
200
Speed
Normal
Resources
Standard
Victory
Conquest
Starting age
Dark Age
Ending age
Imperial Age
RankedLock teamsTeams togetherTeam positionsShared explorationLock speedFull tech treeHidden civsTurbo modeCheats
Victory
Defeat
🇦🇷 Ethiopians · Argentina
907
+16
🇲🇽 Franks · Mexico
901
-16
Pepe_MR7
7:57 Loom
9:46 Feudal Age
11:48 Loom
21:30 Castle Age
19:19 Double-Bit Axe
20:20 Gold Mining
20:22 Stone Mining
21:00 Fletching
21:11 Padded Archer Armor
22:24 Bodkin Arrow
23:11 Bow Saw
22:32 Elite Skirmisher
26:34 Wheelbarrow
25:44 Town Watch
26:35 Leather Archer Armor
28:07 Forging
28:33 Ballistics
28:27 Husbandry
30:56 Iron Casting
30:27 Scale Barding Armor
31:40 Hand Cart
31:26 Town Patrol
33:47 Chain Barding Armor
33:49 Pikeman
34:29 Squires
38:46 Imperial Age
39:10 Halberdier
41:41 Blast Furnace
41:17 Plate Barding Armor
40:06 Cavalier
43:53 Scale Mail Armor
46:27 Paladin
FlorCe
4:42 Loom
10:31 Feudal Age
16:31 Castle Age
17:02 Crossbowman
19:06 Padded Archer Armor
18:58 Fletching
23:24 Gold Mining
26:05 Thumb Ring
32:08 Scale Barding Armor
35:28 Imperial Age
34:02 Horse Collar
41:45 Cavalier
42:49 Chain Barding Armor
42:25 Bodkin Arrow
52:05 Arbalester
53:44 Scale Mail Armor
53:55 Forging
Connection lost

Rejoining the realm…

Still unreachable

The connection could not be restored.

Session expired

The server has moved on; the page needs a fresh start.